 Dungeon Crawl Stone Soup version 0.18-a0-943-g2c08dd4 (webtiles) character file.

1214 filipzpl the Changer (level 8, -1/72 HPs)
             Began as a Naga Transmuter on Dec 28, 2015.
             Was a Believer of Cheibriados.
             Hit by a stone thrown by a gnoll (2 damage)
             ... on level 5 of the Dungeon.
             The game lasted 00:19:55 (6495 turns).

filipzpl the Changer (Naga Transmuter)              Turns: 6495, Time: 00:19:55

Health: -1/72      AC:  5    Str: 19    XL:     8   Next: 46%
Magic:  6/11       EV: 10    Int: 25    God:    Cheibriados [**....]
Gold:   169        SH:  0    Dex: 17    Spells: 3 memorised, 2 levels left

rFire  . . .     SeeInvis +       - Unarmed
rCold  . . .     Gourm    .     b - +0 robe
rNeg   . . .     Faith    .     (no shield)
rPois  +         Spirit   .     j - +2 hat {Int+3}
rElec  .         Dismiss  .     (no cloak)
rCorr  .         Reflect  .     (no gloves)
SustAt .         Harm     .     (no barding)
MR     +....                    (no amulet)
Stlth  ++........               (no ring)
                                (no ring)

@: very slightly contaminated, very slow, somewhat resistant to hostile
enchantments, unstealthy
A: see invisible, deformed body, poison resistance, slowness 2, slow metabolism
1, spit poison 2, AC +2
a: Spit Poison, Bend Time, Renounce Religion


You were on level 5 of the Dungeon.
You worshipped Cheibriados.
Cheibriados was pleased with you.
You were near starving.

You visited 2 branches of the dungeon, and saw 6 of its levels.

You collected 169 gold pieces.

Inventory:

Missiles
 a - 48 arrows
Armour
 b - a +0 robe (worn)
 j - a +2 hat of intelligence (worn)
Wands
 h - a wand of cold (9/15)
 l - a wand of paralysis (12/24)
 q - a wand of polymorph (11/24)
 s - a wand of disintegration (10/24)
Scrolls
 m - 2 scrolls of fog
 n - a scroll of identify
 p - a scroll of amnesia
Potions
 e - a potion of magic
 i - a potion of might
 o - a potion of cure mutation {unknown}
 r - a potion of flight {unknown}
Books
 c - a book of Changes

   Spells                             Type                      Level
   a - Beastly Appendage              Transmutation                1
   b - Sticks to Snakes               Transmutation                2
   c - Spider Form                    Transmutation/Poison         3
   d - Ice Form                       Ice/Transmutation            4
   e - Blade Hands                    Transmutation                5
Comestibles
 d - 7 bread rations
 f - a slice of pizza
 g - 4 meat rations
 k - 3 fruits
 t - a royal jelly
 u - a beef jerky


   Skills:
 + Level 3.8 Fighting
 - Level 1.5 Dodging
 + Level 4.6 Unarmed Combat
 - Level 2.0 Spellcasting
 * Level 7.0 Transmutations
 - Level 6.2 Poison Magic


You had 2 spell levels left.
You knew the following spells:

 Your Spells              Type           Power        Failure   Level  Hunger
a - Beastly Appendage     Trmt           #####.       1%          1    None
b - Spider Form           Trmt/Pois      #####.....   1%          3    ###....
c - Blade Hands           Trmt           #####.....   17%         5    ######.


Dungeon Overview and Level Annotations

Branches:
Dungeon (5/15)             Temple (1/1) D:4

Altars:
Ashenzari
Cheibriados
Dithmenos
Elyvilon
Fedhas
Gozag
Kikubaaqudgha
Makhleb
Nemelex Xobeh
Okawaru
Qazlal
Ru
Sif Muna
Trog
Xom
Yredelemnul
Zin
The Shining One

Shops:
D:4 [


Innate Abilities, Weirdness & Mutations

You cannot wear boots.
Your serpentine skin is tough (AC +2).
You have supernaturally acute eyesight.
Armour fits poorly on your strangely shaped body.
Your system is resistant to poisons.
You cover ground very slowly.
You have a slow metabolism.
You can spit poison.


Message History

Strange energies run through your body.
You are near starving!
The gnoll closely misses you.
The gnoll throws a stone.
The stone hits you.
* * * LOW HITPOINT WARNING * * *
The gnoll throws a stone.
The stone hits you but does no damage.
You see here 2 stones.
The gnoll throws a stone.
The stone hits you.
* * * LOW HITPOINT WARNING * * *
The gnoll throws a stone.
The stone barely misses you.
There is an open door here.
You see here a stone.
The gnoll throws a stone.
The stone hits you but does no damage.
You see here a stone.
The gnoll throws a stone.
The stone hits you.
* * * LOW HITPOINT WARNING * * *
The gnoll throws a stone.
The stone closely misses you.
You see here 2 stones.
The gnoll throws a stone.
The stone hits you.
You die...

#.##..#.########***######.###
#,#...#.# #.#
*,#...#.#********########.#
*,#####..,,,,,,,,.........#
*,,,,,,,.,,,,,,,,.........#
*,,,,,,##+*,,,,,####......#
*,,#####.,*,,####..#####..#
*,,*(..#.,####.(#..#)..#..#
*,,*,,.'.,#(((((@(.')..#..#
*,,*,,,#)##g.###########..#
*,,*,,,#))........'..#....#
*,,+,,,#..####....#).#....#
*,,*#####()..####.####)#..#
*,,,#.).'(#..#.))..#...#..#
*,,,#..(#.####..#..'...#.##
*,,,#####.#..#####.##'##.#
*,,,#.)#(.#).'...#..#).#.#


You could see a gnoll.

Vanquished Creatures
  A sky beast (D:5)
  An ogre (D:5)
  A phantom (D:5)
  4 crimson imps
  A centaur skeleton (D:4)
  3 orc priests
  A jelly (D:5)
  2 hounds (D:5)
  Natasha (D:2)
  6 orc wizards
  3 worker ants (D:4)
  An iguana (D:4)
  5 adders
  9 gnolls (D:5)
  A shadow imp (D:5)
  An ooze (D:2)
  An adder skeleton (D:4)
  3 worms
  A giant gecko (D:5)
  30 orcs
  7 bats
  14 hobgoblins
  3 quokkas
  3 ball pythons
  7 giant cockroaches
  3 giant newts
  12 goblins
  7 jackals
  22 kobolds
  10 rats
164 creatures vanquished.

Notes
Turn   | Place    | Note
--------------------------------------------------------------
     0 | D:1      | filipzpl the Naga Transmuter began the quest for the Orb.
     0 | D:1      | Reached XP level 1. HP: 18/18 MP: 3/3
   354 | D:1      | Reached XP level 2. HP: 20/25 MP: 5/5
  1176 | D:2      | Reached XP level 3. HP: 27/32 MP: 6/6
  1184 | D:2      | Learned a level 3 spell: Spider Form
  1256 | D:2      | Reached skill level 1 in Poison Magic
  1395 | D:2      | Noticed Natasha
  1401 | D:2      | Killed Natasha
  1401 | D:2      | Reached XP level 4. HP: 36/39 MP: 3/7
  2207 | D:3      | Reached XP level 5. HP: 45/45 MP: 4/8
  2963 | D:3      | Found a faded altar to an unknown god.
  2978 | D:3      | Reached skill level 4 in Poison Magic
  3465 | D:3      | Found a white marble altar of Elyvilon.
  3674 | D:3      | Reached XP level 6. HP: 24/52 MP: 5/9
  4096 | D:4      | Reached skill level 5 in Poison Magic
  4401 | D:4      | Reached XP level 7. HP: 57/60 MP: 6/10
  4509 | D:4      | Found an iron altar of Okawaru.
  4652 | D:4      | Reached skill level 5 in Transmutations
  4652 | D:4      | Reached skill level 6 in Poison Magic
  4664 | D:4      | Found a staircase to the Ecumenical Temple.
  4681 | D:4      | Found Vintatuf's Armour Shoppe.
  4684 | Temple   | Entered the Ecumenical Temple
  4783 | Temple   | Became a worshipper of Cheibriados the Contemplative
  5023 | D:4      | Learned a level 5 spell: Blade Hands
  5069 | D:4      | Found an ancient bone altar of Kikubaaqudgha.
  5124 | D:4      | Found a sacrificial altar of Ru.
  5125 | D:4      | Found a blossoming altar of Fedhas.
  5177 | D:5      | Entered Level 5 of the Dungeon
  5567 | D:5      | Reached * piety under Cheibriados
  5809 | D:5      | Reached ** piety under Cheibriados
  5852 | D:5      | Reached XP level 8. HP: 43/69 MP: 5/11
  6421 | D:5      | Reached skill level 7 in Transmutations
  6494 | D:5      | HP: 1/72 [gnoll/stone (4)]
  6495 | D:5      | Hit by a stone thrown by a gnoll

Vault maps used:
D:1:      minmay_arrival_wavy_path
D:2:      nrook_uturn, uniq_natasha
D:3:      elyvilon_altar_1, first_bread, ecumenical_altar_1
D:4:      kiku_gazebo_garden_becter, okawaru_trees_1,
          amethyst_overflow_temple_binary, serial_shops, shop, minmay_surrounded
D:5:      corexii_shantytown
Temple:   circular_temple_13

Action                   |  1- 3 |  4- 6 |  7- 9 || total
-------------------------+-------+-------+-------++-------
Melee: Unarmed           |   116 |   274 |   305 ||   695
 Cast: Beastly Appendage |     1 |       |       ||     1
       Spider Form       |     1 |    11 |    10 ||    22
       Blade Hands       |       |       |     2 ||     2
 Abil: Spit Poison       |     3 |       |       ||     3
  Use: Scroll            |     2 |       |     9 ||    11
       Potion            |       |       |     1 ||     1
 Stab: Sleeping          |       |     1 |     3 ||     4
       Distracted        |       |     1 |       ||     1
  Eat: Chunk             |     1 |     7 |       ||     8
       Pizza             |       |     1 |       ||     1
       Fruit             |       |     2 |     1 ||     3
       Meat ration       |       |       |     1 ||     1
